 Dungeon Crawl Stone Soup version 0.20-a0-513-g02c11fc (webtiles) character file.

979800 Gorggeron the Gargoyle Barricade (level 27, -2/197 HPs)
             Began as a Gargoyle Fighter on Dec 19, 2016.
             Was the Champion of Okawaru.
             Killed by divine providence
             ... invoked by a daeva
              (12 damage)
             ... in Pandemonium on Jan 23, 2017.
             The game lasted 21:46:01 (73843 turns).

Gorggeron the Gargoyle Barricade (GrFi)            Turns: 73843, Time: 21:46:02

Health: -2/197     AC: 54    Str: 42    XL:     27
Magic:  36/38      EV: 13    Int:  9    God:    Okawaru [******]
Gold:   6067       SH: 38    Dex: 16    Spells: 26/26 levels left

rFire    + + +     SeeInvis .   X - +7 broad axe "Akoimn" {flame, rF+ rC+ Stlth+}
rCold    + + +     Gourm    .   p - +4 plate armour {MR+}
rNeg     + + +     Faith    .   J - +4 large shield of Okawaru's Delight {Dex+5}
rPois    ∞         Spirit   .   Y - +0 hat {MR+}
rElec    +         Reflect  +   i - +1 cloak of Freedom {rN+ Str+4 Stlth+} (curse)
rCorr    +         Harm     .   D - +0 pair of gloves "Zivyniq" {rC+ Regen+ Slay+2}
MR       +++++     Clarity  +   q - +0 pair of boots of Tenacity {*Contam +Blink rF+++ rCorr}
Stlth    ++........             l - amulet of Fun {Reflect *Corrode rN+ Str+6 Int+4 SH+4}
Regen    0.9/turn               P - ring of the Middle {+Fly rElec rC+ Int-5 Slay+5}
                                k - ring "Faiggau" {MR+ Dex+2}

@: heroism, finesse, flying, glowing, drained
A: big wings, clarity, negative energy resistance 1, electricity resistance,
unbreathing, petrification resistance, rot immunity, AC +20
}: 7/15 runes: serpentine, barnacled, slimy, silver, golden, icy, abyssal
a: Stop Flying, Heroism, Finesse, Renounce Religion, Evoke Blink


You were in Pandemonium.
You worshipped Okawaru.
Okawaru was exalted by your worship.
You were very hungry.

You visited 14 branches of the dungeon, and saw 65 of its levels.
You visited Pandemonium 1 time, and saw 1 of its levels.
You visited the Abyss 2 times.
You visited 1 bazaar.
You visited 1 ziggurat, and saw 12 of its levels.
You also visited: Trove and Desolation.

You collected 11750 gold pieces.
You spent 5683 gold pieces at shops.

Inventory:

Hand Weapons
 a - the +10 war axe of Yredelemnul's Pride {flame, +Inv SInv Stlth-}
   (You found it on level 3 of the Crypt)

   It has been specially enchanted to burn those struck by it, causing extra
   injury to most foes and up to half again as much damage against particularly
   susceptible opponents.
   Big, fiery blades are also staple armaments of hydra-hunters.
   It lets you see invisible.
   It lets you turn invisible.
   It makes you less stealthy.
 u - the +11 hand crossbow "Tydaikei" {elec, rF+++ Int-2 Dex+7 Stlth-}
   (Okawaru gifted it to you on level 1 of Cocytus)

   It charges the ammunition it shoots with electricity; occasionally upon a
   hit, such missiles may discharge and cause terrible harm.
   It affects your intelligence (-2).
   It affects your dexterity (+7).
   It renders you almost immune to fire.
   It makes you less stealthy.
 A - the +6 eveningstar of Frustration {drain, Str+3 Int+4}
   (Okawaru gifted it to you on level 6 of Cocytus)

   A truly terrible weapon, it drains the life of those it strikes.
   It affects your strength (+3).
   It affects your intelligence (+4).
 I - the +9 flail "Upuhuv" {freeze, rF+ rC+ Int+3}
   (Okawaru gifted it to you on level 5 of the Vaults)

   It has been specially enchanted to freeze those struck by it, causing extra
   injury to most foes and up to half again as much damage against particularly
   susceptible opponents.
   It can also slow down cold-blooded creatures.
   It affects your intelligence (+3).
   It protects you from fire.
   It protects you from cold.
 W - the +4 broad axe of Noih {flame, rC+ rN+}
   (You acquired it on level 3 of the Tomb of the Ancients)

   It has been specially enchanted to burn those struck by it, causing extra
   injury to most foes and up to half again as much damage against particularly
   susceptible opponents.
   Big, fiery blades are also staple armaments of hydra-hunters.
   It protects you from cold.
   It protects you from negative energy.
 X - the +7 broad axe "Akoimn" (weapon) {flame, rF+ rC+ Stlth+}
   (Okawaru gifted it to you on level 10 of the Dungeon)

   It has been specially enchanted to burn those struck by it, causing extra
   injury to most foes and up to half again as much damage against particularly
   susceptible opponents.
   Big, fiery blades are also staple armaments of hydra-hunters.
   It protects you from fire.
   It protects you from cold.
   It makes you more stealthy.
Missiles
 g - 2519 bolts
Armour
 i - the cursed +1 cloak of Freedom (worn) {rN+ Str+4 Stlth+}
   (Okawaru gifted it to you on level 1 of the Elven Halls)

   It affects your strength (+4).
   It protects you from negative energy.
   It makes you more stealthy.
   It has a curse placed upon it.
 p - a +4 plate armour of magic resistance (worn)
 q - the +0 pair of boots of Tenacity (worn) {*Contam +Blink rF+++ rCorr}
   (Okawaru gifted it to you on level 9 of a ziggurat)

   It renders you almost immune to fire.
   It lets you blink.
   It causes magical contamination when unequipped.
   It protects you from acid and corrosion.
 v - the +6 shadow dragon scales of Wonder {rC+ Str+4 Stlth++++}
   (You found it on level 3 of the Elven Halls)

   It affects your strength (+4).
   It protects you from cold.
   It makes you much more stealthy.
 D - the +0 pair of gloves "Zivyniq" (worn) {rC+ Regen+ Slay+2}
   (Okawaru gifted it to you on level 1 of the Vaults)

   It affects your accuracy and damage with ranged weapons and melee attacks
   (+2).
   It protects you from cold.
   It increases your rate of regeneration.
 E - the +7 plate armour of Lesser Demons {Int+2 SInv}
   (You found it on level 3 of the Elven Halls)

   It affects your intelligence (+2).
   It lets you see invisible.
 G - the +2 pair of gloves "Bupezxe" {rN++ Regen+ Slay-3 SInv}
   (You found it on level 12 of a ziggurat)

   It affects your accuracy and damage with ranged weapons and melee attacks
   (-3).
   It greatly protects you from negative energy.
   It lets you see invisible.
   It increases your rate of regeneration.
 J - the +4 large shield of Okawaru's Delight (worn) {Dex+5}
   (Okawaru gifted it to you on level 2 of Cocytus)

   It affects your dexterity (+5).
 Q - the +0 hat "Exeejac" {rElec rN+}
   (Okawaru gifted it to you on level 4 of the Shoals)

   It insulates you from electricity.
   It protects you from negative energy.
 U - a +2 hat of see invisible
 Y - a +0 hat of magic resistance (worn)
Jewellery
 k - a ring "Faiggau" (left hand) {MR+ Dex+2}
   (You found it on level 3 of the Shoals)

   [ring of dexterity]

   It affects your dexterity (+2).
   It affects your resistance to hostile enchantments.
 l - the amulet of Fun (around neck) {Reflect *Corrode rN+ Str+6 Int+4 SH+4}
   (You found it in a treasure trove)

   [amulet of reflection]

   It shields you and reflects attacks.
   It affects your strength (+6).
   It affects your intelligence (+4).
   It protects you from negative energy.
   It may corrode you when you take damage.
   It affects your SH (+4).
 o - the ring "Reruheuq" {rPois Int+6 Slay+4 SInv}
   (You found it in a treasure trove)

   [ring of see invisible]

   It affects your intelligence (+6).
   It affects your accuracy and damage with ranged weapons and melee attacks
   (+4).
   It protects you from poison.
   It lets you see invisible.
 s - the ring of Usaci {rC++ Int+2 Dex+5 Stlth+}
   (You found it in a treasure trove)

   [ring of intelligence]

   It affects your intelligence (+2).
   It affects your dexterity (+5).
   It greatly protects you from cold.
   It makes you more stealthy.
 t - the ring "Ynwungeo" {rN+ SInv}
   (You found it on level 3 of the Tomb of the Ancients)

   [ring of see invisible]

   It protects you from negative energy.
   It lets you see invisible.
 K - the ring "Fucybaga" {Ice SInv}
   (You took it off a deep elf high priest on level 4 of the Depths)

   [ring of ice]

   It enhances your ice magic.
   It makes you vulnerable to fire.
   It protects you from cold.
   It lets you see invisible.
 N - the amulet of Orthodoxy {Reflect Int+2 SH+4}
   (You found it on level 5 of the Pits of Slime)

   [amulet of reflection]

   It shields you and reflects attacks.
   It affects your intelligence (+2).
   It affects your SH (+4).
 P - the ring of the Middle (right hand) {+Fly rElec rC+ Int-5 Slay+5}
   (You found it in the Desolation of Salt)

   [ring of protection from cold]

   It affects your intelligence (-5).
   It affects your accuracy and damage with ranged weapons and melee attacks
   (+5).
   It protects you from cold.
   It insulates you from electricity.
   It lets you fly.
 Z - an uncursed ring of protection from magic
Scrolls
 h - 27 scrolls of identify
 j - 4 scrolls of fear
 n - 6 scrolls of fog
 r - 27 scrolls of teleportation
 y - 26 scrolls of remove curse
 C - 2 scrolls of silence
 T - 9 scrolls of blinking
 V - 9 scrolls of magic mapping
Potions
 m - 6 potions of might
 w - 11 potions of berserk rage
 z - 4 potions of cure mutation
 B - 6 potions of cancellation
 F - 5 potions of invisibility
 H - 2 potions of agility
 O - 19 potions of lignification
 R - 2 potions of haste
 S - 2 potions of resistance
Miscellaneous
 b - a lamp of fire
 c - a phial of floods (inert)
 d - the horn of Geryon
 L - a fan of gales
 M - a sack of spiders
Comestibles
 f - 34 bread rations
 x - 22 meat rations


   Skills:
 + Level 26.8(26.1) Fighting
 + Level 25.7(26.1) Axes
 + Level 9.5(24.7) Maces & Flails
 * Level 25.8(26.1) Armour
 + Level 10.1(14.4) Stealth
 O Level 27(26.1) Shields
 - Level 22.4(21.6) Invocations
 * Level 17.8(17.1) Evocations


You had 26 spell levels left.
You didn't know any spells.

Dungeon Overview and Level Annotations

Branches:
Dungeon (15/15)            Temple (0/1) D:6            Lair (6/6) D:10
 Shoals (4/4) Lair:4        Snake (4/4) Lair:4        Slime (5/5) Lair:6
    Orc (2/2) D:12            Elf (3/3) Orc:2        Vaults (5/5) D:14
  Crypt (3/3) Vaults:3       Tomb (3/3) Crypt:3      Depths (5/5) D:15
   Hell (1/1)                 Dis (0/7) Hell            Geh (0/7) Hell
    Coc (7/7) Hell            Tar (2/7) Hell            Zot (0/5) Depths:5

Altars:
Ashenzari
Cheibriados
Fedhas
Kikubaaqudgha
Makhleb
Okawaru
Ru
Sif Muna
Trog
Uskayaw
Vehumet
Yredelemnul
Zin
Beogh
Jiyva
Lugonu

Shops:
Orc:1 (   Orc:2 !:*   Elf:2 [   Shoals:3 (   Vaults:1 *   Vaults:2 }
Vaults:3 %   Vaults:5 =[   Depths:2 *

Portals:
Hell: Depths:1 Depths:2 Depths:3 Depths:4 Depths:5
Abyss: Depths:2 Depths:4
Pandemonium: Depths:2 Depths:3 Depths:5
Ziggurat: Depths:2


Innate Abilities, Weirdness & Mutations

You are resistant to torment.
Your stone body is resilient. (AC +20)
You are immune to poison.
Your large and strong wings let you fly indefinitely.
You resist negative energy. (rN+)
You are resistant to electric shocks. (rElec)
You can survive without breathing.
You are immune to petrification.
You are immune to rotting.
You possess an exceptional clarity of mind.


Message History

Your tarantella barely misses the daeva.
The daeva calls down the wrath of Zin upon you.
Zin smites you!
* * * LOW HITPOINT WARNING * * *
Your water elemental completely misses the cherub.
Your tarantella bites the daeva!
The daeva blocks your water elemental's attack.
The daeva blocks your tarantella's attack.
You are no longer corroded.
Your jumping spider pounces on the daeva.
The daeva is caught in a web!
Your jumping spider bites the daeva.
The cherub shoots a stone.
The stone hits your water elemental!
You hear a splash.
The cherub blocks your water elemental's attack.
The daeva blocks your tarantella's attack.
The daeva blocks your jumping spider's attack.
Your jumping spider completely misses the daeva.
The daeva calls down the wrath of Zin upon you.
Zin smites you!
You die...

#........###....##....≈≈≈≈
#....#.........####.....≈≈
#...##.).......####.....≈
#...((.)........##....... #####
#.)..................["..
.....####.)[.##############.#[.##
...........#.#....≈s#E≈..###...##
..........##.#).##ssAEA#..###..#.
....#........#(.@.≈s#.....|##....
#......##############).....##....
##...#.#.#.#.#.#.#..A......##....
#......'.........')###..._..#....
.....#.#.#.#.#.#.#..A......##....
.......##############......##....
....#... #......##...# #.......
...#..###..## #####... .#.. .##


You could see a daeva, a cherub, 2 friendly water elementals, a friendly jumping
spider, 2 friendly tarantellas and a friendly redback.

Vanquished Creatures
  Antaeus (Coc:7)
  the Royal Jelly (Slime:5)
  the Serpent of Hell (Coc:7)
  Mara (Shoals:4)
  4 juggernauts
  30 greater mummies
  Sojobo (Depths:5)
  Frederick (Vaults:4)
  Saint Roka (Vaults:4)
  26 shard shrikes
  A Killer Klown (Zig:6)
  Margery (Vaults:2)
  Vashnia (Snake:3)
  Xtahua (Vaults:4)
  Nikola (Elf:1)
  Geryon (Hell)
  Jory (Vaults:2)
  13 bone dragons
  the Enchantress (Depths:4)
  5 Tzitzimimeh
  A pearl dragon (Pan)
  A profane servitor (Crypt:3)
  8 doom hounds
  Jorgrun (Vaults:5)
  2 iron giants (Zig:5)
  8 liches
  22 Ice Fiends
  A Hell Sentinel (Zig:6)
  5 tentacled monstrosities
  5 titans
  A deep elf master archer (Elf:3)
  Asterion (Elf:1)
  2 deep elf blademasters
  14 acid blobs
  3 krakens
  Gastronok (D:10)
  The ghost of mynametaken the Peltast, an adept GrFi of Okawaru (Desolation)
  7 eldritch tentacles
  Murray (Hell)
  12 tengu reavers
  Polyphemus (Shoals:4)
  8 ancient champions
  10 sphinxes
  16 shadow dragons
  A tentacled starspawn (Abyss:3)
  4 thorn hunters
  2 draconian monks (Depths:5)
  14 fire giants
  7 daevas (Pan)
  3 storm dragons
  11 nagarajas
  11 azure jellies
  6 revenants
  2 balrugs
  16 vault wardens
  11 frost giants
  Ilsuiw (Shoals:4)
  An iron dragon (Vaults:5)
  2 ghost moths (Zig:10)
  A juggernaut zombie (Hell)
  A draconian knight (Zig:8)
  2 imperial myrmidons (Desolation)
  11 deep elf sorcerers
  An emperor scorpion (Zig:10)
  3 draconian scorchers
  Aizul (Shoals:2)
  Louise (Elf:3)
  An orc warlord (Vaults:5)
  7 ghouls
  7 angels (Pan)
  7 deep elf elementalists
  2 curse skulls
  2 spriggan defenders (Depths:4)
  31 reapers
  13 very ugly things
  3 ophanim (Pan)
  22 stone giants
  4 war gargoyles
  14 apis (Pan)
  2 black suns (Zig:9)
  5 elemental wellsprings
  15 ironheart preservers
  3 deep elf demonologists (Elf:3)
  4 entropy weavers
  8 bennus
  A green draconian (Depths:5)
  Azrael (Elf:1)
  4 lorocyprocas
  12 vampire knights
  2 halazid warlocks (Desolation)
  11 deep elf annihilators
  A red draconian (Depths:5)
  A yellow draconian (Depths:5)
  A dire elephant (Abyss:3)
  4 spark wasps (Depths:1)
  A white draconian (Depths:5)
  2 eidola
  The ghost of Aer1al the Grappler, a journeyman DrTm of Dithmenos (Lair:3)
  Snorg (D:10)
  16 ettins
  25 blizzard demons
  5 merfolk javelineers (Shoals:4)
  24 mummy priests
  10 fire dragons
  5 kraken zombies
  3 crystal guardians (Desolation)
  10 death oozes
  A green death (Hell)
  12 deep elf death magi
  25 jiangshi
  10 great orbs of eyes
  4 merfolk impalers
  7 servants of whispers (Desolation)
  7 rakshasas
  7 quicksilver dragon zombies
  20 yaktaur captains
  13 naga warriors
  10 peacekeepers (Desolation)
  6 spriggan air magi
  36 vault guards
  2 hell beasts
  6 deep elf high priests
  6 ragged hierophants (Desolation)
  54 ice dragons
  A ghost crab (Tar:1)
  3 quicksilver dragon skeletons
  11 centaur warriors
  4 catoblepae
  10 hydras
  Erica (D:9)
  5 anacondas
  8 deep troll shamans
  2 satyrs (shapeshifter)
  An alligator snapping turtle (Shoals:4)
  6 merfolk aquamancers
  4 death knights
  2 merfolk avatars (Shoals:4)
  40 dancing weapons
  A spectral fire giant (Zig:9)
  51 two-headed ogres
  17 death yaks
  6 deep troll earth magi
  4 small abominations
  7 vampire magi
  10 titan zombies
  21 ogre magi
  46 death scarabs
  4 tengu warriors
  17 naga sharpshooters
  10 spriggan berserkers
  6 shock serpents
  3 thrashing horrors (Abyss:3)
  18 hell knights
  10 soul eaters
  41 deep elf knights
  A spectral storm dragon (Crypt:3)
  2 iron golems (Hell)
  3 storm dragon zombies
  6 titan skeletons
  Nergalle (Lair:3)
  A wretched star (Abyss:3)
  A sixfirhy (Depths:3)
  A salamander mystic (Zig:8)
  8 sun demons
  2 fire crabs (Shoals:1)
  The ghost of kitkat the Thaumaturge, a novice DrFE of Vehumet (D:8)
  111 skeletal warriors
  2 spriggan druids
  4 iron trolls
  4 shadow wraiths
  A fire crab (shapeshifter) (Depths:1)
  A quicksilver dragon simulacrum (Coc:3)
  3 unseen horrors
  2 cherubim (Pan)
  6 storm dragon skeletons
  6 glowing orange brains
  13 sea snakes
  3 wizards (Vaults:3)
  5 golden dragon zombies
  5 flayed ghosts
  17 anaconda zombies
  A kraken simulacrum (Coc:7)
  9 naga ritualists
  A spectral wolf spider (Crypt:3)
  An obsidian statue (Depths:1)
  A lindwurm (shapeshifter) (Vaults:5)
  5 shadow demons
  33 deep trolls
  8 ironbrand convokers
  25 deep elf archers
  An orange crystal statue (Zig:10)
  2 wolf spider zombies
  3 shadow dragon zombies
  14 phantasmal warriors
  13 necromancers
  9 anaconda skeletons
  18 harpies
  A lindwurm (Lair:5)
  90 deep elf magi
  7 wolf spiders
  A harpy (shapeshifter) (Vaults:4)
  42 ugly things
  5 orb spiders (Zig:10)
  5 shadow dragon skeletons
  7 iron dragon zombies
  4 orc sorcerers
  8 shining eyes
  11 stone giant zombies
  7 orc knights
  10 mana vipers
  9 fire giant zombies
  7 oklob plants
  7 salamanders
  A manticore (shapeshifter) (Vaults:5)
  A moth of wrath (shapeshifter) (D:15)
  A faun (shapeshifter) (Depths:1)
  3 iron dragon skeletons
  3 worldbinders (Abyss:3)
  16 elephants
  15 fauns
  10 frost giant zombies
  A cyclops (shapeshifter) (Elf:3)
  8 manticores
  9 cyclopes
  13 merfolk sirens
  6 stone giant skeletons
  8 fire giant skeletons
  An elf zombie (Zig:12)
  4 centaur zombies
  Joseph (D:10)
  43 black mambas
  6 dire elephant zombies
  An eye of devastation (shapeshifter) (Depths:4)
  A guardian serpent (shapeshifter) (Vaults:2)
  10 rust devils
  17 vault sentinels
  14 spiny frogs
  A torpor snail (Zig:10)
  An apocalypse crab (Abyss:3)
  5 guardian serpents
  3 ice statues
  2 black mambas (shapeshifter)
  4 frost giant skeletons
  27 naga magi
  An alligator snapping turtle zombie (Crypt:2)
  4 eyes of devastation (Slime:5)
  A molten gargoyle (Desolation)
  A shock serpent skeleton (Coc:7)
  4 gargoyles
  8 water nymphs
  6 storm dragon simulacra
  2 dire elephant skeletons
  3 spiny frogs (shapeshifter)
  An orange demon (Depths:3)
  3 human zombies
  6 smoke demons
  An elephant slug zombie (Crypt:2)
  4 rime drakes
  A yaktaur zombie (Hell)
  A redback zombie (Crypt:1)
  4 hellions
  7 titan simulacra
  2 emperor scorpion zombies
  62 yaktaurs
  54 freezing wraiths
  2 kobold demonologists
  A rime drake (shapeshifter) (Vaults:4)
  A grey draconian zombie (Crypt:1)
  2 efreet
  50 ice devils
  32 tormentors
  9 komodo dragons
  A yaktaur (shapeshifter) (Vaults:2)
  A spark wasp simulacrum (Zig:12)
  2 demonic crawlers
  56 guardian mummies
  2 tengu conjurers (Depths:2)
  5 hellwings
  A pale draconian skeleton (Crypt:1)
  An elf skeleton (Zig:12)
  29 hydra zombies
  4 red devils
  9 anaconda simulacra
  3 meliai (Lair:5)
  4 harpy zombies
  A jumping spider (Zig:10)
  A sphinx simulacrum (Vaults:1)
  35 merfolk
  A queen bee (Lair:5)
  12 trolls
  A jumping spider (shapeshifter) (Depths:3)
  A shadow dragon simulacrum (Coc:2)
  3 polar bears
  Grinder (D:5)
  6 wind drakes
  59 saltlings (Desolation)
  A troll (shapeshifter) (Depths:2)
  12 hornets
  14 hydra skeletons
  6 dream sheep
  2 iron dragon simulacra
  A frost giant simulacrum (Coc:6)
  80 slime creatures
  2 dream sheep (shapeshifter) (Vaults:5)
  8 snapping turtles
  2 fire giant simulacra
  8 alligator zombies
  A snapping turtle (shapeshifter) (Zig:6)
  5 bog bodies
  A hippogriff (shapeshifter) (Depths:1)
  3 ice dragon zombies
  12 blink frogs
  7 ettin zombies
  5 fire dragon zombies
  15 hippogriffs
  A shock serpent simulacrum (Coc:3)
  159 flying skulls
  3 ice dragon skeletons
  Sigmund (D:2)
  5 fire dragon skeletons
  12 shadows
  A satyr skeleton (Crypt:2)
  A spriggan (shapeshifter) (Depths:2)
  A black mamba zombie (Coc:1)
  2 large abominations (Crypt:3)
  2 meliai zombies
  8 redbacks
  3 tarantellas (Zig:10)
  20 wraiths
  14 spriggans
  5 air elementals
  3 alligator skeletons
  4 wyverns
  35 yaks
  A yak (shapeshifter) (Vaults:3)
  A vampire (D:15)
  6 ettin skeletons
  33 water elementals
  A tarantella (shapeshifter) (Vaults:4)
  A human (shapeshifter) (Vaults:3)
  11 ushabtiu
  16 fire elementals
  A dire elephant simulacrum (Coc:4)
  2 fire bats (Shoals:1)
  5 hogs (D:12)
  A basilisk (Lair:4)
  A black mamba skeleton (Crypt:2)
  2 chaos spawn
  A neqoxec (Depths:1)
  A hungry ghost (D:14)
  9 golden eyes
  37 nagas
  4 spatial vortices
  11 wargs
  An acid dragon (Vaults:1)
  4 tengu zombies
  13 hydra simulacra
  22 hell hounds
  22 spiny frog zombies
  9 water moccasins
  2 merfolk skeletons (Coc:2)
  8 porcupines
  A floating eye (shapeshifter) (Depths:2)
  A floating eye (Slime:4)
  18 ice beasts
  39 orc warriors
  5 spiny frog skeletons
  3 phantoms
  3 alligator simulacra
  7 black bears
  6 eyes of draining
  A black bear (shapeshifter) (Vaults:2)
  An ice dragon simulacrum (Coc:3)
  2 manticore zombies
  7 sky beasts
  An ogre (shapeshifter) (Depths:1)
  4 snapping turtle zombies
  A swamp dragon zombie (Coc:2)
  19 necrophages
  22 boggarts
  33 wolves
  A blink frog zombie (Crypt:2)
  A hog zombie (Crypt:2)
  28 centaurs
  3 snapping turtle skeletons
  62 ogres
  10 crocodiles
  4 swamp dragon skeletons
  3 big kobolds
  A hippogriff zombie (Crypt:2)
  16 bullfrogs
  A wyvern zombie (D:12)
  2 wyvern skeletons
  A spiny frog simulacrum (Coc:1)
  A glowing shapeshifter simulacrum (Vaults:2)
  5 earth elementals
  2 scorpions
  2 manticore simulacra
  A spriggan zombie (Tomb:2)
  A swamp dragon simulacrum (Coc:7)
  A water moccasin skeleton (D:10)
  34 killer bees
  A snapping turtle simulacrum (Coc:5)
  2 electric eels (Elf:3)
  43 wights
  2 howler monkeys (D:10)
  12 crimson imps
  A bullfrog zombie (D:12)
  11 hounds
  A black bear zombie (Crypt:2)
  29 orc wizards
  18 orc priests
  13 jellies
  2 iguanas
  3 centaur skeletons
  2 human skeletons (Crypt:1)
  2 hell rats (Lair:5)
  15 worker ants
  A lightning spire (Zig:11)
  A felid zombie (Crypt:2)
  A dwarf zombie (Crypt:1)
  A big kobold skeleton (Crypt:2)
  2 ogre skeletons
  67 mummies
  2 hound skeletons
  A howler monkey zombie (D:7)
  5 gnolls
  11 adders
  7 shadow imps
  24 white imps
  A lava snake zombie (Crypt:1)
  2 adder skeletons
  An adder zombie (D:7)
  3 worms
  2 dart slugs
  6 leopard geckos
  118 orcs
  5 bats
  A bat zombie (Crypt:1)
  7 giant cockroaches
  5 goblins
  7 hobgoblins
  11 jackals
  9 quokkas
  2 ball pythons
  6 frilled lizards
  7 kobolds
  A kobold simulacrum (Coc:7)
  A kobold skeleton (Crypt:2)
  An orc zombie (Tomb:1)
  5 rats
  2 crawling corpses (Depths:4)
  3 fungi
  8 plants
  4 starspawn tentacles (Abyss:3)
  21 tentacles
4112 creatures vanquished.

Vanquished Creatures (collateral kills)
  A deep elf master archer (Elf:3)
  3 acid blobs (Slime:5)
  A deep elf blademaster (Elf:3)
  2 azure jellies (Slime:5)
  A fire giant (Zig:7)
  A deep elf sorcerer (Elf:3)
  A balrug (Zig:7)
  A deep elf demonologist (Elf:3)
  A stone giant (Depths:2)
  A deep elf annihilator (Elf:3)
  2 death oozes (Slime:5)
  A fire dragon (Zig:7)
  2 great orbs of eyes (Slime:5)
  A dancing weapon (Elf:3)
  2 fire crabs (Zig:7)
  A deep elf mage (Elf:3)
  A rust devil (Hell)
  An efreet (Zig:7)
  5 slime creatures (Slime:5)
  A fire elemental (Zig:7)
  3 hell hounds (Zig:7)
  A crawling corpse (Elf:3)
34 creatures vanquished.

Vanquished Creatures (others)
  2 liches
  A deep elf master archer (Zig:12)
  Kirke (D:12)
  A revenant (Tomb:2)
  A stone giant (Depths:2)
  2 elemental wellsprings (Coc:7)
  Nessos (D:15)
  A deep elf death mage (Elf:3)
  A merfolk javelineer (Depths:3)
  2 yaktaur captains
  A rakshasa (Depths:2)
  4 centaur warriors
  A tengu warrior (Depths:3)
  A satyr (Abyss:3)
  25 death scarabs (Tomb:2)
  A naga sharpshooter (Zig:11)
  A vampire mage (Depths:2)
  2 deep elf knights (Elf:1)
  2 skeletal warriors (Coc:4)
  A quicksilver dragon simulacrum (Tomb:2)
  2 deep elf archers (Zig:12)
  A shadow dragon skeleton (Tomb:3)
  2 cyclopes
  2 deep elf magi
  A frost giant skeleton (Coc:6)
  14 yaktaurs
  5 flying skulls
  An orc warrior (D:14)
  9 centaurs
  An orc wizard (D:13)
  3 mummies (Tomb:2)
  A white imp (Coc:7)
  A ball lightning (Tomb:2)
  An orc (D:13)
  5 fungi
  6 pillars of salt (Vaults:2)
  2 plants
  30 tentacles
139 creatures vanquished.

Grand Total: 4285 creatures vanquished

Notes
Turn   | Place    | Note
-------+----------+-------------------------------------------
     0 | D:1      | Gorggeron the Gargoyle Fighter began the quest for the Orb.
     0 | D:1      | Reached XP level 1. HP: 14/14 MP: 1/1
    97 | D:1      | Reached XP level 2. HP: 19/19 MP: 2/2
   399 | D:1      | Reached XP level 3. HP: 22/24 MP: 3/3
   867 | D:2      | Noticed Sigmund
   886 | D:2      | Killed Sigmund
   886 | D:2      | Reached skill level 4 in Shields
   886 | D:2      | Reached XP level 4. HP: 11/29 MP: 4/4
   886 | D:2      | Reached XP level 5. HP: 13/33 MP: 5/5
  1476 | D:3      | Reached XP level 6. HP: 32/38 MP: 6/6
  1685 | D:3      | Reached skill level 5 in Maces & Flails
  2068 | D:3      | Found a sacrificial altar of Ru.
  2477 | D:4      | Reached XP level 7. HP: 44/44 MP: 7/7
  2500 | D:4      | Found a basalt altar of Yredelemnul.
  2773 | D:4      | Reached skill level 5 in Shields
  3028 | D:4      | Found a shattered altar of Ashenzari.
  3104 | D:5      | Entered Level 5 of the Dungeon
  3166 | D:5      | Reached skill level 5 in Armour
  3184 | D:5      | Noticed Grinder
  3201 | D:5      | Paralysed by Grinder for 7 turns
  3209 | D:5      | Paralysed by Grinder for 6 turns
  3218 | D:5      | Paralysed by Grinder for 5 turns
  3225 | D:5      | Killed Grinder
  3225 | D:5      | Reached skill level 5 in Fighting
  3225 | D:5      | Reached skill level 1 in Evocations
  3225 | D:5      | Reached XP level 8. HP: 12/49 MP: 8/8
  3527 | D:5      | Found an ancient bone altar of Kikubaaqudgha.
  3540 | D:5      | Found an iron altar of Okawaru.
  3541 | D:5      | Found a bloodstained altar of Trog.
  3555 | D:5      | Became a worshipper of Warmaster Okawaru
  3924 | D:5      | Got a fine ring mail
  4014 | D:5      | Identified the +2 ring mail of the Jackalope {rElec Slay+2} (You found it on level 5 of the Dungeon)
  4070 | D:5      | Reached skill level 1 in Stealth
  4098 | D:6      | Found a staircase to the Ecumenical Temple.
  4134 | D:6      | Reached * piety under Okawaru
  4167 | D:6      | Got a steaming war axe
  4168 | D:6      | Identified the +6 war axe of Watchfulness {drain, Dex+4} (You found it on level 6 of the Dungeon)
  4296 | D:6      | Reached skill level 1 in Invocations
  4296 | D:6      | Reached XP level 9. HP: 49/55 MP: 10/10
  4444 | D:6      | Reached skill level 1 in Axes
  4444 | D:6      | Reached skill level 6 in Shields
  4462 | D:6      | Found a snail-covered altar of Cheibriados.
  4462 | D:6      | Found a deep blue altar of Sif Muna.
  4980 | D:7      | Found a glowing silver altar of Zin.
  4980 | D:7      | Found a blossoming altar of Fedhas.
  4985 | D:7      | Reached ** piety under Okawaru
  4996 | D:7      | Found a radiant altar of Vehumet.
  4998 | D:7      | Found a faded altar of an unknown god.
  5000 | D:7      | Found a faded altar of an unknown god.
  5193 | D:7      | Found a burning altar of Makhleb.
  5195 | D:7      | Noticed a cacodemon
  5573 | D:8      | Noticed kitkat's ghost (novice DrFE)
  5582 | D:8      | Killed kitkat's ghost
  5582 | D:8      | Reached *** piety under Okawaru
  5582 | D:8      | Reached skill level 5 in Axes
  5582 | D:8      | Reached XP level 10. HP: 49/60 MP: 12/12
  5796 | D:8      | Reached **** piety under Okawaru
  6415 | D:9      | Got a twisted scale mail
  6700 | D:9      | Noticed Erica
  6715 | D:9      | Killed Erica
  6715 | D:9      | Reached ***** piety under Okawaru
  6897 | D:9      | Found a hide-covered altar of Uskayaw.
  6966 | D:9      | Identified the +3 scale mail of the Six Hells {rC+} (You found it on level 9 of the Dungeon)
  6977 | D:9      | Gained mutation: Your mind is acute. (Int +2) [potion of mutation]
  6977 | D:9      | Gained mutation: Your movements are slightly less encumbered by armour. (ER -2) [potion of mutation]
  6977 | D:9      | Gained mutation: You have sharp toenails. [potion of mutation]
  6979 | D:10     | Entered Level 10 of the Dungeon
  6979 | D:10     | Found a staircase to the Lair.
  6979 | D:10     | Noticed Snorg
  6979 | D:10     | Noticed a two-headed ogre
  6988 | D:9      | Killed a two-headed ogre
  6988 | D:9      | Reached XP level 11. HP: 33/66 MP: 11/14
  7069 | D:10     | Killed an unseen horror
  7097 | D:10     | Noticed a two-headed ogre
  7108 | D:10     | Killed a two-headed ogre
  7108 | D:10     | Received a gift from Okawaru
  7108 | D:10     | Reached skill level 7 in Shields
  7108 | D:10     | Reached skill level 5 in Invocations
  7109 | D:10     | Got a slimy broad axe {god gift}
  7125 | D:9      | Identified the +7 broad axe "Akoimn" {flame, rF+ rC+ Stlth+} (Okawaru gifted it to you on level 10 of the Dungeon)
  7185 | D:10     | Noticed Gastronok
  7192 | D:10     | Killed Snorg
  7197 | D:10     | Killed Gastronok
  7197 | D:10     | Reached skill level 5 in Evocations
  7644 | D:10     | Noticed a two-headed ogre
  7650 | D:10     | Killed a two-headed ogre
  7650 | D:10     | Reached ****** piety under Okawaru
  7754 | D:10     | Found an ancient bone altar of Kikubaaqudgha.
  7962 | Lair:1   | Entered Level 1 of the Lair of Beasts
  8351 | Lair:1   | Reached XP level 12. HP: 73/73 MP: 16/16
  8369 | Lair:1   | Received a gift from Okawaru
  9176 | Lair:2   | Noticed a death yak
  9178 | Lair:2   | Noticed a death yak
  9178 | Lair:2   | Noticed a death yak
  9190 | Lair:2   | Noticed a death yak
  9193 | Lair:2   | Killed a death yak
  9207 | Lair:2   | Killed a death yak
  9211 | Lair:2   | Killed a death yak
  9211 | Lair:2   | Reached skill level 10 in Axes
  9214 | Lair:2   | Killed a death yak
  9492 | Lair:3   | Noticed a catoblepas
  9507 | Lair:3   | Killed a catoblepas
  9507 | Lair:3   | Received a gift from Okawaru
  9553 | Lair:3   | Noticed Nergalle
  9571 | Lair:3   | Killed Nergalle
  9748 | Lair:3   | Noticed a four-headed hydra
  9756 | Lair:3   | Killed a one-headed hydra
  9813 | Lair:3   | Noticed Aer1al's ghost (journeyman DrTm)
  9836 | Lair:3   | Killed Aer1al's ghost
  9836 | Lair:3   | Reached skill level 10 in Armour
 10113 | Lair:4   | Reached XP level 13. HP: 54/79 MP: 18/18
 10188 | Lair:4   | Received a gift from Okawaru
 10198 | Lair:4   | Found a staircase to the Shoals.
 10358 | Lair:4   | Reached skill level 8 in Shields
 10571 | Lair:4   | Got a faintly glowing hand axe
 10572 | Lair:4   | Identified the +8 hand axe "Rezu" {chop, Int+4} (You found it on level 4 of the Lair of Beasts)
 10790 | Lair:4   | Found a staircase to the Snake Pit.
 10801 | Lair:4   | Received a gift from Okawaru
 11175 | Lair:5   | Got a jewelled leather armour
 11656 | Lair:5   | Gained mutation: Your large and strong wings let you fly indefinitely. [Gargoyle growth]
 11656 | Lair:5   | Reached XP level 14. HP: 65/86 MP: 20/20
 12415 | Lair:5   | Received a gift from Okawaru
 12453 | Lair:5   | Identified the cursed +0 leather armour "Ceri" {rC+} (You found it on level 5 of the Lair of Beasts)
 12523 | Lair:6   | Entered Level 6 of the Lair of Beasts
 12536 | Lair:6   | Reached skill level 9 in Shields
 13003 | Lair:6   | Reached skill level 10 in Fighting
 13190 | Lair:6   | Received a gift from Okawaru
 13206 | Lair:6   | Got a pair of polished boots {god gift}
 13217 | Lair:6   | Identified the +0 pair of boots of the Dwarven Hall {Regen+ rCorr Int-5 Dex+2} (Okawaru gifted it to you on level 6 of the Lair of Beasts)
 13559 | Lair:6   | Reached XP level 15. HP: 79/92 MP: 22/22
 13571 | Lair:6   | Found a staircase to the Slime Pits.
 13571 | Lair:6   | Found a viscous altar of Jiyva.
 14112 | D:11     | Reached skill level 10 in Invocations
 14995 | D:12     | Found a roughly hewn altar of Beogh.
 14995 | D:12     | Found a staircase to the Orcish Mines.
 15115 | D:12     | Noticed Kirke
 15139 | D:12     | Killed Kirke
 15412 | Orc:1    | Entered Level 1 of the Orcish Mines
 15412 | Orc:1    | Found Ynoeten's Weapon Emporium.
 16127 | Orc:2    | Entered Level 2 of the Orcish Mines
 16220 | Orc:2    | Reached skill level 10 in Shields
 16228 | Orc:2    | Received a gift from Okawaru
 16317 | Orc:2    | Upgraded the game from 0.20-a0-309-gcba9277 to 0.20-a0-317-gc038824
 16412 | Orc:2    | Found Aperhiem's Distillery.
 16558 | Orc:2    | Found Otom's Book Shop.
 16563 | Orc:2    | Found Plog's General Store.
 16564 | Orc:2    | Found Kyerphi's Jewellery Emporium.
 16621 | Orc:2    | Found a staircase to the Elven Halls.
 16895 | Orc:2    | Bought a scroll of identify for 20 gold pieces
 16895 | Orc:2    | Bought a scroll of enchant weapon for 75 gold pieces
 16906 | Orc:2    | Bought a potion of might for 64 gold pieces
 16906 | Orc:2    | Bought a potion of might for 64 gold pieces
 16906 | Orc:2    | Bought a potion of heal wounds for 80 gold pieces
 16906 | Orc:2    | Bought a potion of invisibility for 128 gold pieces
 16906 | Orc:2    | Bought a potion of invisibility for 128 gold pieces
 16991 | D:10     | Noticed Joseph
 17004 | D:10     | Killed Joseph
 17115 | Shoals:1 | Entered Level 1 of the Shoals
 17257 | Shoals:1 | Received a gift from Okawaru
 17261 | Shoals:1 | Got an iridescent war axe {god gift}
 17262 | Shoals:1 | Identified the +4 war axe of the Hero {chop, rC- Str+4} (Okawaru gifted it to you on level 1 of the Shoals)
 17322 | Shoals:1 | Reached XP level 16. HP: 81/99 MP: 17/24
 17792 | Shoals:1 | Noticed a kraken
 17802 | Shoals:1 | Killed a kraken
 18117 | Shoals:2 | Noticed Aizul
 18144 | Shoals:2 | Killed Aizul
 18255 | Shoals:2 | Received a gift from Okawaru
 18638 | Shoals:2 | Upgraded the game from 0.20-a0-317-gc038824 to 0.20-a0-336-g7b05759
 19189 | Shoals:3 | Found Olef's Weapon Emporium.
 19258 | Shoals:3 | Got a heavily runed glass ring
 19353 | Shoals:3 | Got a flickering crystal amulet
 19556 | Shoals:3 | Reached skill level 10 in Evocations
 19596 | Shoals:3 | Noticed a kraken
 19618 | Shoals:3 | Killed a kraken
 19922 | Shoals:3 | Identified a ring "Faiggau" {MR+ Dex+2} (You found it on level 3 of the Shoals)
 19924 | Shoals:3 | Identified the amulet of Haulykul {Inacc +Blink rPois Dex-3 Stlth+} (You found it on level 3 of the Shoals)
 19961 | Shoals:4 | Entered Level 4 of the Shoals
 20109 | Shoals:4 | Noticed Mara
 20149 | Shoals:4 | Killed Mara
 20149 | Shoals:4 | Reached skill level 11 in Shields
 20232 | Shoals:4 | Noticed Ilsuiw
 20257 | Shoals:4 | Killed Ilsuiw
 20257 | Shoals:4 | Reached XP level 17. HP: 91/106 MP: 18/26
 20274 | Shoals:4 | Reached skill level 15 in Axes
 20577 | Shoals:4 | Received a gift from Okawaru
 20617 | Shoals:4 | Got a pair of crude gloves
 20628 | Shoals:4 | Identified the +2 pair of gloves of Pezootuf {Regen+} (You found it on level 4 of the Shoals)
 20699 | Shoals:4 | Noticed Polyphemus
 20734 | Shoals:4 | Killed Polyphemus
 20852 | Shoals:4 | Identified the Tome of the Creative Mountains
 21017 | Shoals:4 | Noticed a kraken
 21028 | Shoals:4 | Received a gift from Okawaru
 21032 | Shoals:4 | Got a spiked hat {god gift}
 21043 | Shoals:4 | Identified the +0 hat "Exeejac" {rElec rN+} (Okawaru gifted it to you on level 4 of the Shoals)
 21150 | Shoals:4 | Killed a kraken
 21163 | Shoals:4 | Got a barnacled rune of Zot
 21530 | Snake:1  | Entered Level 1 of the Snake Pit
 22922 | Snake:2  | Received a gift from Okawaru
 22952 | Snake:2  | Got a heavily runed large shield {god gift}
 22958 | Snake:2  | Identified the +0 large shield of Indecent Exposure {Int+2} (Okawaru gifted it to you on level 2 of the Snake Pit)
 23037 | Snake:2  | Reached XP level 18. HP: 112/112 MP: 20/27
 23050 | Snake:2  | Gained mutation: You have a pair of small antennae on your head. [potion of beneficial mutation]
 23870 | Snake:3  | Noticed Vashnia
 23892 | Snake:3  | Reached skill level 12 in Shields
 23948 | Snake:3  | Killed Vashnia
 24433 | Snake:4  | Entered Level 4 of the Snake Pit
 24637 | Snake:4  | Received a gift from Okawaru
 24641 | Snake:4  | Got an ichor-stained long sword {god gift}
 24642 | Snake:4  | Identified the +6 long sword "Gargoyle's Death" {holy, Int+5 Dex+5 Stlth+} (Okawaru gifted it to you on level 4 of the Snake Pit)
 24953 | Snake:4  | Received a gift from Okawaru
 25042 | Snake:4  | Got a serpentine rune of Zot
 25249 | Snake:4  | Upgraded the game from 0.20-a0-336-g7b05759 to 0.20-a0-345-gbfb25ec
 25646 | Elf:1    | Entered Level 1 of the Elven Halls
 25676 | Elf:1    | Reached XP level 19. HP: 109/119 MP: 18/28
 25689 | Elf:1    | Received a gift from Okawaru
 25696 | Elf:1    | Got a transparent cloak {god gift}
 25726 | Elf:1    | Identified the +1 cloak of Freedom {rN+ Str+4 Stlth+} (Okawaru gifted it to you on level 1 of the Elven Halls)
 25797 | Elf:1    | Found a flickering gateway to a bazaar.
 25802 | Bazaar   | Entered a bazaar
 25802 | Bazaar   | Found Puema's Gadget Shoppe.
 25802 | Bazaar   | Found Yskusuus's Assorted Antiques.
 25806 | Bazaar   | Found Toeteriy's Weapon Shoppe.
 25820 | Bazaar   | Found Evyjut's Antique Weapon Emporium.
 25839 | Bazaar   | Bought a scroll of identify for 66 gold pieces
 25839 | Bazaar   | Bought 3 scrolls of identify for 198 gold pieces
 25839 | Bazaar   | Bought a potion of heal wounds for 165 gold pieces
 25839 | Bazaar   | Bought a scroll of teleportation for 99 gold pieces
 25862 | Bazaar   | Bought a +0 hand crossbow of velocity for 64 gold pieces
 25866 | Bazaar   | Bought a sack of spiders for 220 gold pieces
 25962 | Elf:1    | Noticed Azrael
 25973 | Elf:1    | Noticed Nikola
 25975 | Elf:1    | Noticed Asterion
 25984 | Elf:1    | Killed Azrael
 26002 | Elf:1    | Killed Asterion
 26011 | Elf:1    | Killed Nikola
 26037 | Elf:1    | Gained mutation: You expend magic power (3 MP) to strengthen your wands. [a neqoxec]
 26040 | Elf:1    | Gained mutation: You are clumsy. (Dex -2) [a neqoxec]
 26048 | Elf:1    | Gained mutation: Armour fits poorly on your strangely shaped body. [a neqoxec]
 26233 | Elf:1    | Reached skill level 13 in Shields
 26819 | Elf:2    | Found a runed door.
 26848 | Elf:2    | Found a runed door.
 26866 | Elf:2    | Found Gucsail's Armour Emporium.
 27012 | Elf:2    | Received a gift from Okawaru
 27273 | Elf:2    | Received a gift from Okawaru
 27487 | Elf:2    | Reached skill level 15 in Armour
 27547 | Elf:2    | Received a gift from Okawaru
 27950 | Elf:2    | Reached XP level 20. HP: 126/126 MP: 30/30
 27979 | Elf:3    | Entered Level 3 of the Elven Halls
 28085 | Elf:3    | Received a gift from Okawaru
 28727 | Elf:3    | Cast into level 2 of the Abyss (deep elf knight)
 28739 | Elf:3    | Escaped the Abyss
 28816 | Elf:3    | Reached skill level 14 in Shields
 28878 | Elf:3    | Received a gift from Okawaru
 29041 | Elf:3    | Noticed Louise
 29058 | Elf:3    | Killed Louise
 29148 | Elf:3    | Identified Benlumea's Volume of the Compass and Changing
 29257 | Elf:3    | Identified the Incunabulum of Boosting Sinister Rites
 29445 | Elf:3    | Upgraded the game from 0.20-a0-345-gbfb25ec to 0.20-a0-351-gc9b4002
 29529 | Elf:3    | Got a pair of pitted gloves
 29540 | Elf:3    | Identified the +0 pair of gloves of Birohoef {rPois Str+3} (You found it on level 3 of the Elven Halls)
 29557 | Elf:3    | Got a pitted plate armour
 29568 | Elf:3    | Identified the +7 plate armour of Lesser Demons {Int+2 SInv} (You found it on level 3 of the Elven Halls)
 29605 | Elf:3    | Got an ichor-stained ring mail
 29616 | Elf:3    | Identified the +5 ring mail "Zyche" {MR+ Regen+ rCorr Str-3 Int-4} (You found it on level 3 of the Elven Halls)
 30177 | Elf:3    | Got slimy shadow dragon scales
 30188 | Elf:3    | Identified the +6 shadow dragon scales of Wonder {rC+ Str+4 Stlth++++} (You found it on level 3 of the Elven Halls)
 30226 | Elf:3    | Upgraded the game from 0.20-a0-351-gc9b4002 to 0.20-a0-370-gd6af2a4
 30322 | Elf:3    | Received a gift from Okawaru
 30572 | Slime:1  | Entered Level 1 of the Pits of Slime
 30599 | Slime:1  | Gained mutation: Your body sometimes deteriorates upon taking damage. [a shining eye]
 30628 | Slime:1  | Reached XP level 21. HP: 67/132 MP: 26/32
 31371 | Slime:2  | You are sucked into a shaft for 2 floors!
 31376 | Slime:4  | Gained mutation: You are occasionally teleported next to monsters. [a shining eye]
 31391 | Slime:4  | Received a gift from Okawaru
 31397 | Slime:4  | Got a translucent long sword {god gift}
 31422 | Slime:4  | Identified the +2 long sword of the Land of Plenty {freeze, MR+ Int+4} (Okawaru gifted it to you on level 4 of the Pits of Slime)
 31645 | Slime:4  | Reached skill level 15 in Invocations
 32674 | Slime:3  | Gained mutation: Your body often deteriorates upon taking damage. [a shining eye]
 32968 | Slime:5  | Entered Level 5 of the Pits of Slime
 33069 | Slime:5  | Reached skill level 15 in Fighting
 33109 | Slime:5  | Noticed the Royal Jelly
 33110 | Slime:5  | Found a viscous altar of Jiyva.
 33128 | Slime:5  | Killed the Royal Jelly
 33128 | Slime:5  | Received a gift from Okawaru
 33134 | Slime:5  | Got a brightly glowing scale mail {god gift}
 33238 | Slime:5  | Got a warped wooden ring
 33284 | Slime:5  | Got a slimy rune of Zot
 33286 | Slime:5  | Identified the Volume of Mutagenic Execration
 33304 | Slime:5  | Identified Fazudeqa's Handbook of the Shifting Frostbite
 33593 | Slime:5  | Identified the ring of Famacipa {EV+5 Str+3} (You found it on level 5 of the Pits of Slime)
 33605 | Slime:5  | Got a clouded bone amulet
 33607 | Slime:5  | Identified the amulet of Orthodoxy {Reflect Int+2 SH+4} (You found it on level 5 of the Pits of Slime)
 33632 | Slime:5  | Identified the +2 scale mail of Conscience {rC++ Str+5} (Okawaru gifted it to you on level 5 of the Pits of Slime)
 33716 | Slime:5  | Got a crude hunting sling
 33717 | Slime:5  | Identified the +4 hunting sling "Tuvyoph" {freeze, rPois rF+++ Str+3} (You found it on level 5 of the Pits of Slime)
 33764 | Slime:5  | Got a dazzling rapier
 33765 | Slime:5  | Identified the +5 rapier "Beweuplia" {holy, rElec Dex+2} (You found it on level 5 of the Pits of Slime)
 34225 | D:13     | Reached XP level 22. HP: 140/140 MP: 33/33
 34782 | D:14     | Reached skill level 15 in Shields
 35013 | D:14     | Identified a scroll of acquirement
 35015 | D:14     | Got a pair of bloodstained boots
 35026 | D:14     | Identified the +0 pair of boots of Untruth {rC+} (You acquired it on level 14 of the Dungeon)
 35283 | D:14     | Found a gate to the Vaults.
 35567 | Vaults:1 | Entered Level 1 of the Vaults
 35698 | Vaults:1 | Received a gift from Okawaru
 35715 | Vaults:1 | Got a pair of dazzling gloves {god gift}
 35730 | Vaults:1 | Identified the +0 pair of gloves "Zivyniq" {rC+ Regen+ Slay+2} (Okawaru gifted it to you on level 1 of the Vaults)
 36494 | Vaults:1 | Found Rogg's Assorted Antiques.
 36748 | Vaults:1 | Got an encrusted chain mail
 36759 | Vaults:1 | Identified the +7 chain mail "Xauwn" {-Tele rPois Int+9 Dex+7} (You found it on level 1 of the Vaults)
 36769 | Vaults:1 | Lost mutation: Your movements are slightly less encumbered by armour. (ER -2) [potion of cure mutation]
 36769 | Vaults:1 | Lost mutation: You have a pair of small antennae on your head. [potion of cure mutation]
 36769 | Vaults:1 | Lost mutation: Your body often deteriorates upon taking damage. [potion of cure mutation]
 36769 | Vaults:1 | Lost mutation: Armour fits poorly on your strangely shaped body. [potion of cure mutation]
 36770 | Vaults:1 | Lost mutation: Your mind is acute. (Int +2) [potion of cure mutation]
 36770 | Vaults:1 | Lost mutation: You have sharp toenails. [potion of cure mutation]
 36770 | Vaults:1 | Lost mutation: You are clumsy. (Dex -2) [potion of cure mutation]
 36773 | Vaults:1 | Upgraded the game from 0.20-a0-370-gd6af2a4 to 0.20-a0-382-g289d6af
 36887 | Vaults:2 | Found a ruined gateway.
 36896 | Desolati | Entered the Desolation of Salt
 37075 | Desolati | Reached skill level 16 in Shields
 37079 | Desolati | Received a gift from Okawaru
 37083 | Desolati | Got a spiked cloak {god gift}
 37094 | Desolati | Identified the +1 cloak of Babbedinn {rElec Int+4} (Okawaru gifted it to you in the Desolation of Salt)
 37107 | Desolati | Identified the Handbook of Changing
 37117 | Desolati | Identified the Disquisition on Congealing Enchantment
 37224 | Desolati | Reached XP level 23. HP: 147/147 MP: 35/35
 37493 | Desolati | Noticed mynametaken's ghost (adept GrFi)
 37512 | Desolati | Killed mynametaken's ghost
 37777 | Desolati | Got a heavily runed lead ring
 37778 | Desolati | Identified the ring of the Middle {+Fly rElec rC+ Int-5 Slay+5} (You found it in the Desolation of Salt)
 37787 | Desolati | Got a steaming glass ring
 37789 | Desolati | Identified the cursed ring "Seet" {MP-9 AC-3 Str+3 Int+3} (You found it in the Desolation of Salt)
 38071 | Desolati | Got an ancient short sword
 38072 | Desolati | Identified the +4 short sword of Diwk {flame, rF++ rC-} (You found it in the Desolation of Salt)
 38084 | Desolati | Got a distressingly furry robe
 38095 | Desolati | Identified the +1 robe "Xuyh" {+Inv rPois Str+3} (You found it in the Desolation of Salt)
 38313 | Vaults:2 | Noticed Jory
 38328 | Vaults:2 | Killed Jory
 38610 | Vaults:2 | Paralysed by an ogre mage for 2 turns
 38762 | Vaults:2 | Got a heavily runed scale mail
 38803 | Vaults:2 | Found Jamumell's Gadget Boutique.
 38984 | Vaults:2 | Noticed Margery
 39011 | Vaults:2 | Killed Margery
 39353 | Vaults:2 | Received a gift from Okawaru
 39678 | Vaults:2 | Identified the +5 scale mail of the Sky {Stlth+} (You found it on level 2 of the Vaults)
 39937 | Vaults:2 | Got a bone dagger
 39938 | Vaults:2 | Identified the +4 dagger of the Little People {freeze, Str+4 Stlth+} (You found it on level 2 of the Vaults)
 39979 | Vaults:2 | Bought a +3 iron rod (13/13) for 1552 gold pieces
 39979 | Vaults:2 | Bought a +4 rod of shadows (12/12) for 1552 gold pieces
 40134 | Vaults:3 | Reached skill level 17 in Shields
 40261 | Vaults:3 | Found a staircase to the Crypt.
 40305 | Vaults:3 | Found a sacrificial altar of Ru.
 40375 | Vaults:3 | Found Xanorch's Food Boutique.
 40758 | Vaults:3 | Reached XP level 24. HP: 151/156 MP: 35/35
 41131 | Vaults:3 | Reached skill level 5 in Stealth
 41388 | Vaults:4 | Noticed Xtahua
 41402 | Vaults:4 | Killed Xtahua
 41693 | Vaults:4 | Received a gift from Okawaru
 41844 | Vaults:4 | Lost mutation: Your body sometimes deteriorates upon taking damage. [potion of cure mutation]
 41844 | Vaults:4 | Lost mutation: You expend magic power (3 MP) to strengthen your wands. [potion of cure mutation]
 42180 | Vaults:4 | Noticed Saint Roka
 42213 | Vaults:4 | Killed Saint Roka
 42359 | Vaults:4 | Noticed Frederick
 42366 | Vaults:4 | Killed Frederick
 42946 | Vaults:5 | Entered Level 5 of the Vaults
 42962 | Vaults:5 | Noticed Jorgrun
 42978 | Vaults:5 | Killed Jorgrun
 42978 | Vaults:5 | Received a gift from Okawaru
 42989 | Vaults:5 | Reached skill level 18 in Shields
 43010 | Vaults:5 | Received a gift from Okawaru
 43035 | Vaults:5 | Reached XP level 25. HP: 131/163 MP: 35/35
 43501 | Vaults:5 | Got a silver rune of Zot
 43806 | Vaults:5 | Received a gift from Okawaru
 43954 | Vaults:5 | Found Erihuacs's Jewellery Shop.
 44245 | Vaults:5 | Found Ytaciotont's Antique Armour Shoppe.
 44343 | Vaults:5 | Upgraded the game from 0.20-a0-382-g289d6af to 0.20-a0-386-g2d247ea
 44413 | Vaults:5 | Got a twisted flail {god gift}
 44414 | Vaults:5 | Identified the +9 flail "Upuhuv" {freeze, rF+ rC+ Int+3} (Okawaru gifted it to you on level 5 of the Vaults)
 44420 | Vaults:5 | Lost mutation: You are occasionally teleported next to monsters. [potion of cure mutation]
 44646 | Vaults:5 | Gained mutation: You possess an exceptional clarity of mind. [potion of beneficial mutation]
 44651 | Vaults:5 | Got a translucent ring mail
 44663 | Vaults:5 | Identified the +5 ring mail of the Sun {MR+ Str-2 Dex+3} (You took it off an orc warlord on level 5 of the Vaults)
 44745 | Vaults:5 | Got a steaming leather armour
 44756 | Vaults:5 | Identified the +3 leather armour of Entitlement {rElec rPois Int-3} (You found it on level 5 of the Vaults)
 44881 | Vaults:5 | Got encrusted ice dragon scales
 44892 | Vaults:5 | Identified the cursed +0 ice dragon scales of Synchronized Stabbing {rPois rF- rC++ rN+ Int-4 Dex+3} (You found it on level 5 of the Vaults)
 45232 | Crypt:1  | Entered Level 1 of the Crypt
 45279 | Crypt:1  | Paralysed by a vampire knight for 5 turns
 45305 | Crypt:1  | Reached skill level 19 in Shields
 45818 | Crypt:1  | Reached XP level 26. HP: 167/172 MP: 36/36
 46038 | Crypt:2  | Received a gift from Okawaru
 46859 | Crypt:3  | Entered Level 3 of the Crypt
 46973 | Crypt:3  | Received a gift from Okawaru
 47008 | Crypt:3  | Found an ancient bone altar of Kikubaaqudgha.
 47313 | Crypt:3  | Identified a +3 rod of ignition (12/12) (You found it on level 3 of the Crypt)
 47408 | Crypt:3  | Got a smoking war axe
 47409 | Crypt:3  | Identified the +10 war axe of Yredelemnul's Pride {flame, +Inv SInv Stlth-} (You found it on level 3 of the Crypt)
 47475 | Crypt:3  | Found a staircase to the Tomb.
 47557 | Crypt:3  | Identified the Almanac of Freezing Flight
 47868 | Crypt:3  | Reached skill level 20 in Shields
 48339 | Tomb:1   | Entered Level 1 of the Tomb of the Ancients
 48486 | Tomb:1   | Received a gift from Okawaru
 49214 | Tomb:2   | Noticed a greater mummy
 49215 | Tomb:2   | Noticed a greater mummy
 49223 | Tomb:2   | Noticed a greater mummy
 49229 | Tomb:2   | Noticed a greater mummy
 49320 | Tomb:2   | Reached XP level 27. HP: 167/178 MP: 32/36
 49326 | Tomb:2   | Killed a greater mummy
 49339 | Tomb:1   | Killed a greater mummy
 49420 | Tomb:2   | Killed a greater mummy
 49434 | Tomb:2   | Killed a greater mummy
 49443 | Tomb:2   | Received a gift from Okawaru
 49454 | Tomb:2   | Got a distressingly furry cloak {god gift}
 49465 | Tomb:2   | Identified the +2 cloak of Intercession {Dex-2 Slay+5} (Okawaru gifted it to you on level 2 of the Tomb of the Ancients)
 49845 | Tomb:1   | Noticed a greater mummy
 49847 | Tomb:1   | Noticed a greater mummy
 49858 | Tomb:1   | Killed a greater mummy
 49863 | Tomb:1   | Killed a greater mummy
 49872 | Tomb:1   | Noticed a greater mummy
 49893 | Tomb:1   | Killed a greater mummy
 49914 | Tomb:1   | Noticed a greater mummy
 49914 | Tomb:1   | Noticed a greater mummy
 49930 | Tomb:1   | Killed a greater mummy
 49936 | Tomb:1   | Killed a greater mummy
 49947 | Tomb:1   | Noticed a greater mummy
 49968 | Tomb:1   | Killed a greater mummy
 49981 | Tomb:1   | Noticed a greater mummy
 49993 | Tomb:1   | Killed a greater mummy
 50006 | Tomb:1   | Noticed a greater mummy
 50010 | Tomb:1   | Noticed a greater mummy
 50011 | Tomb:1   | Noticed a greater mummy
 50028 | Tomb:1   | Killed a greater mummy
 50031 | Tomb:1   | Killed a greater mummy
 50049 | Tomb:1   | Killed a greater mummy
 50189 | Tomb:1   | Noticed a greater mummy
 50198 | Tomb:1   | Killed a greater mummy
 50218 | Tomb:1   | Noticed a greater mummy
 50224 | Tomb:1   | Killed a greater mummy
 50235 | Tomb:1   | Noticed a greater mummy
 50255 | Tomb:1   | Killed a greater mummy
 50280 | Tomb:1   | Noticed a greater mummy
 50281 | Tomb:1   | Noticed a greater mummy
 50291 | Tomb:1   | Killed a greater mummy
 50293 | Tomb:1   | Killed a greater mummy
 50308 | Tomb:1   | Noticed a greater mummy
 50320 | Tomb:1   | Killed a greater mummy
 50401 | Tomb:2   | Reached skill level 21 in Shields
 50502 | Tomb:2   | Received a gift from Okawaru
 50697 | Tomb:3   | Entered Level 3 of the Tomb of the Ancients
 50727 | Tomb:3   | Noticed a greater mummy
 50728 | Tomb:3   | Noticed a greater mummy
 50860 | Tomb:3   | Killed a greater mummy
 50867 | Tomb:3   | Killed a greater mummy
 50872 | Tomb:3   | Noticed a greater mummy
 50991 | Tomb:3   | Killed a greater mummy
 50992 | Tomb:3   | Noticed a greater mummy
 51090 | Tomb:3   | Killed a greater mummy
 51146 | Tomb:3   | Received a gift from Okawaru
 51166 | Tomb:3   | Noticed a greater mummy
 51179 | Tomb:3   | Killed a greater mummy
 51204 | Tomb:3   | Noticed a greater mummy
 51210 | Tomb:3   | Noticed a greater mummy
 51218 | Tomb:3   | Killed a greater mummy
 51219 | Tomb:3   | Noticed a greater mummy
 51232 | Tomb:3   | Killed a greater mummy
 51243 | Tomb:3   | Killed a greater mummy
 51336 | Tomb:3   | Noticed a greater mummy
 51350 | Tomb:3   | Killed a greater mummy
 51468 | Tomb:3   | Identified the Incunabulum of Mutagenic Heat
 51548 | Tomb:3   | Got a golden rune of Zot
 51684 | Tomb:3   | Identified The Last Incunabulum of the Archmage
 51780 | Tomb:3   | Identified the ring "Ynwungeo" {rN+ SInv} (You found it on level 3 of the Tomb of the Ancients)
 51794 | Tomb:3   | Identified the +8 hunting sling "Cyimi" {venom, rElec Int+4 Dex-3} (You found it on level 3 of the Tomb of the Ancients)
 51876 | Tomb:3   | Identified the ring of the Louse {+Blink rF+ Int+2 Stlth+} (You found it on level 3 of the Tomb of the Ancients)
 51880 | Tomb:3   | Identified the cursed +0 plate armour of Charity {-Tele rN+ Regen+ Str+2} (You found it on level 3 of the Tomb of the Ancients)
 51905 | Tomb:3   | Identified the +4 plate armour of the Eternal Void {rF+ Dex+3} (You found it on level 3 of the Tomb of the Ancients)
 51907 | Tomb:3   | Identified the cursed +0 ring mail "Faheqemu" {+Fly rC+ rCorr Dex+2} (You found it on level 3 of the Tomb of the Ancients)
 52015 | Tomb:3   | Got a slimy broad axe
 52016 | Tomb:3   | Identified the +4 broad axe of Noih {flame, rC+ rN+} (You acquired it on level 3 of the Tomb of the Ancients)
 52038 | Zig:1    | Entered Level 1 of a ziggurat
 52060 | Zig:2    | Entered Level 2 of a ziggurat
 52078 | Zig:3    | Entered Level 3 of a ziggurat
 52103 | Zig:3    | Got a twisted morningstar
 52104 | Zig:3    | Identified the cursed +2 morningstar "Aharu" {drain, +Fly Str-3 Int+2 Dex+5} (You found it on level 3 of a ziggurat)
 52112 | Zig:4    | Entered Level 4 of a ziggurat
 52139 | Zig:5    | Entered Level 5 of a ziggurat
 52252 | Zig:6    | Entered Level 6 of a ziggurat
 52308 | Zig:6    | Identified the Disquisition on Venom
 52321 | Zig:7    | Entered Level 7 of a ziggurat
 52358 | Zig:7    | Identified the Compendium of the Ashen Oath
 52362 | Zig:7    | Gained mutation: You are agile. (Dex +2) [potion of beneficial mutation]
 52392 | Zig:8    | Entered Level 8 of a ziggurat
 52449 | Zig:8    | Identified The Foundations of Secret Knowledge
 52496 | Zig:9    | Entered Level 9 of a ziggurat
 52519 | Zig:9    | Received a gift from Okawaru
 52569 | Zig:9    | Got a pair of faintly glowing boots {god gift}
 52580 | Zig:9    | Identified the +0 pair of boots of Tenacity {*Contam +Blink rF+++ rCorr} (Okawaru gifted it to you on level 9 of a ziggurat)
 52599 | Zig:10   | Entered Level 10 of a ziggurat
 52790 | Zig:11   | Entered Level 11 of a ziggurat
 52829 | Zig:11   | Reached skill level 22 in Shields
 52886 | Zig:11   | Identified Sif Muna's Volume of Clay and Contamination
 52959 | Zig:11   | Got an iridescent executioner's axe
 52965 | Zig:11   | Identified the +12 executioner's axe "Noaryuxt" {chop, *Rage rF- Int+3 Dex+6} (You acquired it on level 11 of a ziggurat)
 52976 | Zig:11   | Got a shimmering scale mail
 52987 | Zig:11   | Identified the +2 scale mail "Hero's Friend" {rN+} (You found it on level 11 of a ziggurat)
 53007 | Zig:12   | Entered Level 12 of a ziggurat
 53020 | Zig:12   | Noticed a greater mummy
 53053 | Zig:12   | Killed a greater mummy
 53065 | Zig:12   | Was placed under penance by Okawaru
 53087 | Zig:12   | HP: 9/184 [guardian mummy's death curse (12)]
 53395 | Zig:12   | Identified the Almanac of Evil Rituals
 53403 | Zig:12   | Got a crystal bardiche
 53409 | Zig:12   | Identified the +8 bardiche of the Fool {drain, rF+ Int+3} (You found it on level 12 of a ziggurat)
 53429 | Zig:12   | Got a faintly glowing turquoise ring
 53431 | Zig:12   | Identified the ring "Vyx Nyug" {*Corrode rF+++ Str+2 SInv Stlth-} (You found it on level 12 of a ziggurat)
 53437 | Zig:12   | Got a pair of brightly glowing gloves
 53448 | Zig:12   | Identified the +2 pair of gloves "Bupezxe" {rN++ Regen+ Slay-3 SInv} (You found it on level 12 of a ziggurat)
 54425 | D:15     | Entered Level 15 of the Dungeon
 54433 | D:15     | Noticed Nessos
 54438 | D:15     | Was forgiven by Okawaru
 54450 | D:15     | Killed Nessos
 54464 | D:15     | Found a portal to a secret trove of treasure.
 54596 | D:15     | Found a staircase to the Depths.
 55124 | Trove    | Entered a treasure trove
 55133 | Trove    | Got a vibrating jade amulet
 55135 | Trove    | Got a crude bronze ring
 55142 | Trove    | Identified the amulet of Fun {Reflect *Corrode rN+ Str+6 Int+4 SH+4} (You found it in a treasure trove)
 55146 | Trove    | Identified the ring of Usaci {rC++ Int+2 Dex+5 Stlth+} (You found it in a treasure trove)
 55155 | Trove    | Got a crude bone ring
 55159 | Trove    | Got a twitching wooden ring
 55162 | Trove    | Identified the ring "Reruheuq" {rPois Int+6 Slay+4 SInv} (You found it in a treasure trove)
 55164 | Trove    | Identified the ring of the Scarab {+Fly rC+} (You found it in a treasure trove)
 55196 | Trove    | Got a glittering amber ring
 55198 | Trove    | Got a twitching bone ring
 55222 | Trove    | Identified the ring "Costrism" {rC+ MP+9} (You found it in a treasure trove)
 55224 | Trove    | Identified the ring of Cegiogaj {rPois rF+ rC- rN++ SInv} (You found it in a treasure trove)
 55237 | Trove    | Upgraded the game from 0.20-a0-386-g2d247ea to 0.20-a0-390-g4892b34
 55261 | D:15     | Upgraded the game from 0.20-a0-390-g4892b34 to 0.20-a0-421-gf6b327c
 55373 | Depths:1 | Entered Level 1 of the Depths
 55686 | Depths:1 | Found a gateway to Hell.
 56453 | Depths:2 | Found Egryhorch's Assorted Antiques.
 56471 | Depths:2 | Bought a scroll of blinking for 292 gold pieces
 56471 | Depths:2 | Bought a scroll of blinking for 292 gold pieces
 56471 | Depths:2 | Bought a potion of agility for 156 gold pieces
 56471 | Depths:2 | Bought a potion of lignification for 117 gold pieces
 56471 | Depths:2 | Bought a scroll of teleportation for 117 gold pieces
 56471 | Depths:2 | Bought 3 scrolls of identify for 234 gold pieces
 56594 | Depths:2 | Found a gateway to a ziggurat.
 56758 | Depths:2 | Got a warped war axe
 56759 | Depths:2 | Identified the +9 war axe "Nuzel" {venom, rF+ Str+2 Int+4} (You found it on level 2 of the Depths)
 56868 | Depths:2 | Found a corrupted altar of Lugonu.
 56868 | Depths:2 | Found a one-way gate to the infinite horrors of the Abyss.
 56991 | Depths:2 | Noticed a juggernaut
 57004 | Depths:2 | Killed a juggernaut
 57133 | Depths:2 | Noticed a juggernaut
 57149 | Depths:2 | Noticed a juggernaut
 57156 | Depths:2 | Killed a juggernaut
 57160 | Depths:2 | Killed a juggernaut
 57282 | Depths:2 | Reached skill level 23 in Shields
 57313 | Depths:2 | Found a one-way gate leading to the halls of Pandemonium.
 57530 | Depths:2 | Got a pair of crude gloves
 57541 | Depths:2 | Identified the +1 pair of gloves of the Morning {*Slow Regen+ Dex+4 SInv} (You found it on level 2 of the Depths)
 57740 | Depths:3 | Received a gift from Okawaru
 58207 | Depths:3 | Received a gift from Okawaru
 58243 | Depths:3 | Got a brightly glowing cloak {god gift}
 58290 | Depths:3 | Identified the +0 cloak of Daloet {MP+9} (Okawaru gifted it to you on level 3 of the Depths)
 59046 | Depths:4 | Noticed the Enchantress
 59055 | Depths:4 | Cast into level 3 of the Abyss (the Enchantress)
 59194 | Abyss:3  | Got an abyssal rune of Zot
 59199 | Depths:4 | Escaped the Abyss
 59330 | Depths:4 | Found a radiant altar of Vehumet.
 59339 | Depths:4 | Killed the Enchantress
 59851 | Depths:4 | Got a heavily runed amber ring
 59853 | Depths:4 | Identified the ring "Fucybaga" {Ice SInv} (You took it off a deep elf high priest on level 4 of the Depths)
 59874 | Depths:4 | Got faerie dragon scales
 59885 | Depths:4 | Identified the +4 faerie dragon scales {rPois rCorr Str+2 Dex-2} (You took it off the Enchantress on level 4 of the Depths)
 59955 | Depths:5 | Entered Level 5 of the Depths
 59984 | Depths:5 | Noticed a juggernaut
 60019 | Depths:5 | Reached skill level 24 in Shields
 60029 | Depths:5 | Noticed Sojobo
 60048 | Depths:5 | Killed Sojobo
 60048 | Depths:5 | Received a gift from Okawaru
 60537 | Depths:5 | Killed a juggernaut
 60574 | Depths:5 | Found a gate to the Realm of Zot.
 61005 | Depths:5 | Got a sheer robe
 61016 | Depths:5 | Identified the +0 robe of the Old World {Int+2} (You found it on level 5 of the Depths)
 61074 | Depths:5 | Upgraded the game from 0.20-a0-421-gf6b327c to 0.20-a0-428-g059cf21
 61125 | Hell     | Entered the Vestibule of Hell
 61125 | Hell     | Noticed Geryon
 61153 | Hell     | Killed Geryon
 61276 | Hell     | Found a gateway to the Iron City of Dis.
 61349 | Hell     | Found a gateway to the freezing wastes of Cocytus.
 61446 | Hell     | Found a gateway to the decaying netherworld of Tartarus.
 61484 | Hell     | Received a gift from Okawaru
 61515 | Hell     | Noticed Murray
 61539 | Hell     | Killed Murray
 61582 | Hell     | Upgraded the game from 0.20-a0-428-g059cf21 to 0.20-a0-432-g25cc1b4
 61608 | Hell     | Found a gateway to the ashen valley of Gehenna.
 61747 | Tar:1    | Entered Level 1 of Tartarus
 61792 | Tar:1    | Gained mutation: Your body sometimes deteriorates upon taking damage. [mutagenic glow]
 62227 | Tar:1    | Received a gift from Okawaru
 62255 | Tar:1    | Reached skill level 25 in Shields
 63288 | Tar:2    | Reached skill level 15 in Evocations
 63299 | Tar:2    | Received a gift from Okawaru
 63693 | Coc:1    | Entered Level 1 of Cocytus
 64580 | Coc:1    | Received a gift from Okawaru
 64600 | Coc:1    | Got a dazzling hand crossbow {god gift}
 64601 | Coc:1    | Identified the +11 hand crossbow "Tydaikei" {elec, rF+++ Int-2 Dex+7 Stlth-} (Okawaru gifted it to you on level 1 of Cocytus)
 65357 | Coc:2    | Received a gift from Okawaru
 65371 | Coc:2    | Got a steaming large shield {god gift}
 65382 | Coc:2    | Identified the +4 large shield of Okawaru's Delight {Dex+5} (Okawaru gifted it to you on level 2 of Cocytus)
 66430 | Coc:3    | Upgraded the game from 0.20-a0-432-g25cc1b4 to 0.20-a0-433-g9e36e56
 66464 | Coc:3    | Reached skill level 26 in Shields
 67455 | Coc:4    | Received a gift from Okawaru
 67506 | Coc:4    | Got a transparent morningstar {god gift}
 67507 | Coc:4    | Identified the +3 morningstar "Buatam Foar" {crush, Str+2} (Okawaru gifted it to you on level 4 of Cocytus)
 67983 | Coc:4    | Gained mutation: You regenerate slowly when monsters are visible. [mutagenic glow]
 68179 | Coc:4    | Received a gift from Okawaru
 68593 | Coc:5    | Gained mutation: Scrolls take you a little longer to read. [mutagenic glow]
 68627 | Coc:5    | Received a gift from Okawaru
 69755 | Coc:6    | Reached skill level 27 in Shields
 70031 | Coc:6    | Received a gift from Okawaru
 70035 | Coc:6    | Got a warped eveningstar {god gift}
 70057 | Coc:6    | Identified the +6 eveningstar of Frustration {drain, Str+3 Int+4} (Okawaru gifted it to you on level 6 of Cocytus)
 70579 | Coc:7    | Entered Level 7 of Cocytus
 70688 | Coc:7    | Noticed the Serpent of Hell
 70730 | Hell     | Lost mutation: Your body sometimes deteriorates upon taking damage. [potion of cure mutation]
 70730 | Hell     | Lost mutation: Scrolls take you a little longer to read. [potion of cure mutation]
 70730 | Hell     | Lost mutation: You regenerate slowly when monsters are visible. [potion of cure mutation]
 70730 | Hell     | Lost mutation: You are agile. (Dex +2) [potion of cure mutation]
 71252 | Coc:7    | Killed the Serpent of Hell
 71252 | Coc:7    | Received a gift from Okawaru
 72098 | Coc:7    | Received a gift from Okawaru
 72542 | Coc:7    | Identified the Collected Works on the Mountains and the Frostbite
 72554 | Coc:7    | Identified the Guide on the Assistive Escort
 72699 | Coc:7    | Noticed Antaeus
 72748 | Coc:7    | Killed Antaeus
 72781 | Coc:7    | Got an icy rune of Zot
 72913 | Hell     | Upgraded the game from 0.20-a0-433-g9e36e56 to 0.20-a0-513-g02c11fc
 73024 | Pan      | Entered Pandemonium
 73064 | Pan      | Received a gift from Okawaru
 73068 | Pan      | Got a brightly glowing shield {god gift}
 73079 | Pan      | Identified the +0 shield "Piseos" {rN+ Regen+ Int-5 SInv} (Okawaru gifted it to you in Pandemonium)
 73317 | Pan      | Found a white marble altar of Elyvilon.
 73579 | Pan      | Reached skill level 10 in Stealth
 73698 | Pan      | Got a crude ivory amulet
 73700 | Pan      | Identified the amulet "Fekeh" {Harm *Drain rElec} (You took it off an angel in Pandemonium)
 73825 | Pan      | Found a glowing silver altar of Zin.
 73842 | Pan      | HP: 9/197 [daeva/divine providence (15)]
 73843 | Pan      | Killed from afar by a daeva

Vault maps used:
D:1:      enne_arrival_octagon_isle, serial_forest,
          infiniplex_forest_clump_curved, infiniplex_forest_clump_diagonal,
          infiniplex_forest_end_3, infiniplex_forest_clump_double, minivault_23,
          grunt_decor_resistance, serial_bayou_pond_c
D:2:      minmay_misc_feat_more_columns, uniq_sigmund
D:3:      minmay_diamond_boxcup, nicolae_ru_sacrificial_ziggurat, first_bread,
          cheibrodos_gnoll_hut
D:4:      ashenzari_conservatory_becter, overflow_temple_1_default
D:5:      grunt_temple_overflow_bloody_war, basic_altar,
          kennysheep_generic_room_9, uniq_grinder
D:6:      wad_crossroads, grunt_temple_overflow_open
D:7:      chequers_temple_overflow_minitemple, makhleb_altar_promises_db
D:9:      lemuel_doored_altar, special_room, uniq_erica
D:10:     erik_lair_orcish_takeover, basic_altar, uniq_gastronok, uniq_snorg,
          uniq_joseph
D:12:     david_orc_5, serial_undead, serial_undead_a, serial_undead_b,
          serial_undead_a, serial_undead_e, uniq_kirke
D:14:     grunt_vaults_entry_fortified
D:15:     grunt_enter_depths_hoard, nicolae_trove_entry_free_sample,
          minmay_misc_feat_hallway, uniq_nessos
Lair:1:   statuecave_lemuel
Lair:2:   beast_lair_carwin_3
Lair:3:   uniq_nergalle
Lair:4:   elwin_shoals_entry_rocks, guppyfry_snake_entry_island
Lair:5:   regret_index_combs_of_tragedy, bobbens_ice_dragon_lair
Lair:6:   minmay_lair_end_enchanted_forest, slime_altar_1,
          minmay_lair_oklob_items, grunt_megastairs_4
Shoals:1: hangedman_shoal_volcano
Shoals:2: nicolae_shoals_seven_spires, uniq_aizul
Shoals:3: serial_shops, nicolae_shop_window_shopping
Shoals:4: shoals_end_hangedman, shoal_ilsuiw, nicolae_shoals_circle_sea_wall,
          uniq_mara, uniq_polyphemus
Snake:2:  grunt_ministairs_13
Snake:3:  uniq_vashnia
Snake:4:  snake_pit, spider_trap
Slime:4:  nicolae_slime_jelly_donut
Orc:1:    nicolae_orc_accident_1, serial_shops, nicolae_shop_crystal
Orc:2:    st_orc_open
Elf:1:    serial_shops, bzr_entry_road, hangedman_elven_crosses_minicolossus,
          grunt_ministairs_13, uniq_asterion, uniq_nikola, uniq_azrael
Elf:2:    serial_shops, shop
Elf:3:    grunt_elf_hall_branching, uniq_louise
Vaults:1: nicolae_vaults_little_squares_2, nicolae_vaults_shelves_hall,
          hangedman_vaults_restitches, vaults_room_pools, ontoclasm_vaults_chip,
          st_more_cells, v_misc_24, nicolae_vaults_yaktaur_gun_rack,
          ontoclasm_vaults_hangar, serial_shops, shop
Vaults:2: nicolae_vaults_ninety_degrees, nicolae_vaults_twisting_passages,
          hangedman_vaults_snaps, vaults_room_boxed,
          nicolae_vaults_diagonal_hallway_8, serial_ice_m,
          ontoclasm_vaults_ring_large, v_misc_4,
          nicolae_vaults_diagonal_hallway_9, grunt_vaults_funnel, serial_shops,
          nicolae_shop_crystal, portal_desolation_entry_garden, uniq_jory,
          uniq_margery
Vaults:3: v_misc_19, v_misc_27, nicolae_vaults_stairing_the_circle, v_misc_12,
          vaults_dpeg_hooks, hangedman_vaults_slither, v_misc_16,
          hangedman_vaults_restitches, hangedman_vaults_impose,
          vaults_mumra_chevron, nicolae_vaults_mini_display_case,
          nicolae_vaults_circle_grid_a, minmay_crypt_entry_simple_plaza,
          vaults_room_guarded_vault, serial_shops, shop, basic_altar
Vaults:4: nicolae_vaults_network_quinsquares, v_alt_pattern_6,
          nicolae_vaults_circle_grid_a, st_eye, ontoclasm_vaults_ring_square,
          grunt_vaults_diagonal, nicolae_vaults_little_squares_6,
          nicolae_vaults_circle_grid_b, v_rooms_4, hangedman_vaults_nails,
          uniq_saint_roka, uniq_frederick, uniq_xtahua
Vaults:5: uniq_jorgrun
Crypt:1:  serial_glass, glass_columns_b, glass_columns_c, glass_columns_b
Crypt:3:  grunt_crypt_end_deaths_head
Depths:1: hell_entry, kennysheep_small_spiral, hangedman_devilish_allure
Depths:2: evilmike_diamond_2, enter_ziggurat_f, grunt_pan_entry_zigzag,
          abyss_entry_flame_altar, pf_vacation_house_of_asmodeus, serial_shops,
          shop
Depths:3: minmay_strange_plus, rand_demon_pan_entry_9, minivault_14, hell_entry
Depths:4: grunt_forest_end_shrine, marbit_kobold_abyss_entry, kennysheep_path_1,
          hell_entry
Depths:5: grunt_zot_entry_bicorn, hellmouth_1, pan_entry, uniq_sojobo
Coc:1:    serial_ice, serial_ice_c, serial_ice_d, serial_ice_f, serial_ice_g
Coc:7:    coc_hangedman
Abyss:3:  grunt_abyss_rune_forest_and_sorcery, bh_silent_lugonu_exit
Pan:      evilmike_holy_pan
Zig:12:   ziggurat_pillar_centre_oklobs
Bazaar:   bazaar_minmay_row
Trove:    trove_jewel_1

Skill      XL: |  1  2  3  4  5  6  7  8  9 10 11 12 13 14 15 16 17 18 19 20 21 22 23 24 25 26 27 |
---------------+----------------------------------------------------------------------------------+-----
Fighting       | 4 5 6 7 8 9 10 11 12 13 14 15 16 17 18 19 26 | 26.8
Maces & Flails | 4 5 6 7 9 |  9.5
Shields        | 4 5 6 7 8 9 10 11 12 13 14 16 17 18 19 20 27 | 27.0
Armour         | 4 5 6 8 9 10 11 12 13 14 15 16 17 18 19 20 25 | 25.8
Evocations     | 1 2 3 4 5 6 7 8 9 10 11 12 13 14 17 | 17.8
Stealth        | 1 2 3 4 5 10 | 10.1
Invocations    | 1 3 4 6 7 8 9 10 12 13 14 15 16 17 18 19 22 | 22.4
Axes           | 5 7 9 10 12 13 14 15 16 17 18 19 20 25 | 25.7

Action                   |  1- 3 |  4- 6 |  7- 9 | 10-12 | 13-15 | 16-18 | 19-21 | 22-24 | 25-27 || total
-------------------------+-------+-------+-------+-------+-------+-------+-------+-------+-------++-------
Melee: Flail             |   112 |   182 |   218 |       |       |       |       |       |     8 ||   520
       War axe           |       |       |   113 |   174 |       |       |       |       |   212 ||   499
       Kick              |       |       |       |    30 |       |       |       |       |       ||    30
       Broad axe         |       |       |       |   215 |  1087 |  1246 |  1222 |  1319 |  6107 || 11196
       Morningstar       |       |       |       |       |       |       |       |       |     8 ||     8
Invok: Heroism           |       |       |       |     6 |     7 |    12 |    13 |     7 |    31 ||    76
       Finesse           |       |       |       |     3 |     5 |    11 |    12 |     7 |    31 ||    69
 Abil: Evoke Flight      |       |       |       |     2 |       |       |       |       |       ||     2
       Stop Flying       |       |       |       |     1 |       |       |       |       |       ||     1
       Fly               |       |       |       |       |     1 |       |       |       |       ||     1
       Evoke Blink       |       |       |       |       |       |       |       |       |     2 ||     2
Evoke: Sack of spiders   |       |       |       |       |       |       |     9 |       |    30 ||    39
       Box of beasts     |       |       |       |       |       |       |    10 |       |     5 ||    15
       Lamp of fire      |       |       |       |       |       |       |     3 |       |     3 ||     6
       Phantom mirror    |       |       |       |       |       |       |     3 |       |       ||     3
       Phial of floods   |       |       |       |       |       |       |     2 |       |     3 ||     5
       Horn of Geryon    |       |       |       |       |       |       |       |       |     3 ||     3
       Rod               |       |       |       |       |       |       |       |       |     2 ||     2
       Figurine of a zig |       |       |       |       |       |       |       |       |     1 ||     1
  Use: Scroll            |     4 |     3 |     2 |     8 |     8 |     3 |     6 |    17 |    49 ||   100
       Potion            |     1 |     3 |     8 |     4 |     3 |     2 |     3 |     3 |    15 ||    42
 Stab: Sleeping          |       |       |       |     3 |     1 |       |       |    11 |     6 ||    21
       Invisible         |       |       |       |       |       |       |     3 |       |     4 ||     7
       Distracted        |       |       |       |       |       |       |     1 |     2 |     5 ||     8
       Petrified         |       |       |       |       |       |       |       |     1 |       ||     1
       Confused          |       |       |       |       |       |       |       |       |     7 ||     7
       Held in net/web   |       |       |       |       |       |       |       |       |     5 ||     5
  Eat: Chunk             |       |     6 |    10 |    15 |    25 |    18 |    17 |    26 |    39 ||   156
       Fruit             |       |       |       |       |       |     8 |     2 |       |    12 ||    22
       Buggy             |       |       |       |       |       |     1 |     2 |       |     1 ||     4
       Buggy             |       |       |       |       |       |       |     4 |     1 |    13 ||    18
       Royal jelly       |       |       |       |       |       |       |     1 |     1 |     3 ||     5
       Meat ration       |       |       |       |       |       |       |       |       |     6 ||     6
Armor: Scale mail        |    62 |    11 |       |       |       |       |       |       |       ||    73
       Chain mail        |       |    87 |    87 |       |       |       |       |   251 |    85 ||   510
       Ring mail         |       |       |    42 |   116 |    61 |       |       |       |       ||   219
       Leather armour    |       |       |       |    23 |       |       |       |       |       ||    23
       Plate armour      |       |       |       |       |   466 |   661 |   379 |   109 |  1569 ||  3184
       Shadow dragon sca |       |       |       |       |       |       |     1 |       |    65 ||    66
Dodge: Dodged            |    26 |    39 |    76 |    97 |   238 |   223 |   136 |   135 |   606 ||  1576
Block: Shield            |    51 |    95 |   122 |   173 |   589 |   448 |       |       |       ||  1478
       Large shield      |       |       |       |       |       |   360 |   695 |  1252 |  6515 ||  8822
       Reflection        |       |       |       |       |       |       |       |   152 |   276 ||   428
